 Dungeon Crawl Stone Soup version 0.21.1-72-gffa868e0fe (webtiles) character file.

80 Pisosu the Shield-Bearer (level 4, -5/40 HPs)
             Began as a Minotaur Fighter on Aug 3, 2018.
             Slain by Crazy Yiuf
             ... wielding a +2 quarterstaff of chaos
              (12 damage)
             ... on level 2 of the Dungeon.
             The game lasted 00:04:54 (1854 turns).

Pisosu the Shield-Bearer (Minotaur Fighter)         Turns: 1854, Time: 00:04:54

Health: -5/40      AC:  8    Str: 21    XL:     4   Next: 18%
Magic:  3/3        EV:  7    Int:  5    God:
Gold:   66         SH:  0    Dex: 10    Spells: 3/3 levels left

rFire    . . .     SeeInvis .   a - +0 war axe
rCold    . . .     Gourm    .   c - +0 shield
rNeg     . . .     Faith    .   b - +0 scale mail
rPois    .         Spirit   .   (helmet restricted)
rElec    .         Reflect  .   (no cloak)
rCorr    .         Harm     .   g - +0 pair of gloves
MR       .....                  (no boots)
Stlth    ..........             s - amulet of inaccuracy
HPRegen  0.13/turn              (no ring)
MPRegen  0.08/turn              (no ring)

@: confused
A: retaliatory headbutt, horns 2
a: no special abilities


You were on level 2 of the Dungeon.
You were not hungry.

You visited 1 branch of the dungeon, and saw 3 of its levels.

You collected 66 gold pieces.

Inventory:

Hand Weapons
 a - a +0 war axe (weapon)
Armour
 b - a +0 scale mail (worn)
 c - a +0 shield (worn)
 g - a +0 pair of gloves (worn)
Jewellery
 s - an amulet of inaccuracy (around neck)
Scrolls
 j - a scroll of teleportation {unknown}
 k - a scroll of fear {unknown}
 m - a scroll of random uselessness {unknown}
 n - a scroll of enchant armour {unknown}
 p - a scroll of identify {unknown}
 q - a scroll of magic mapping {unknown}
 r - a scroll of noise {unknown}
Potions
 d - 3 potions of might
 e - a potion of flight {unknown}
 h - a potion of curing {unknown}
 o - a potion of haste {unknown}
Comestibles
 f - 3 rations


   Skills:
 + Level 4.2 Fighting
 + Level 3.6 Axes
 + Level 4.1 Armour
 + Level 0.7 Dodging
 + Level 4.4 Shields


You had 3 spell levels left.
You didn't know any spells.

Dungeon Overview and Level Annotations

Branches:
Dungeon (3/15)

Altars:
Uskayaw

Annotations:
D:2 Crazy Yiuf
D:3 GeorgeFormbyGrill's ghost, weakling GrBe; Robin


Innate Abilities, Weirdness & Mutations

You reflexively headbutt those who attack you in melee.
You have a pair of horns on your head.


Message History

Crazy Yiuf the Enlightened comes into view.
He is wielding a quarterstaff of chaos.
Crazy Yiuf shouts!
Found a mace.
Crazy Yiuf cries, "Adder broken noodlescoop!"
There is an open door here.
You hit Crazy Yiuf but do no damage. Your headbutt misses Crazy Yiuf.
Crazy Yiuf yells, "Rot down bush!"
Crazy Yiuf hits you with a quarterstaff of chaos.
You are electrocuted!
You barely miss Crazy Yiuf. You block Crazy Yiuf's attack.
All of the chunks of flesh in your inventory have rotted away.
You barely miss Crazy Yiuf. Crazy Yiuf hits you but does no damage.
You are confused.
Crazy Yiuf whimpers, "Snurf sallow testudinal!"
Crazy Yiuf hits you but does no damage.
You are electrocuted!
* * * LOW HITPOINT WARNING * * *
You bump into the stone wall.
Crazy Yiuf yells, "Cholesterol verde snockshim!"
Crazy Yiuf hits you with a quarterstaff of chaos!
You die...

..............[# #.#
...#.#.....#######.#
...#.##.#......>.#.#
...#.##.############
##.#.##.#.#
##.#.##.#.#
##.#.##.#.# ####
♣♣#### )÷...##.#.#
#)..#♣♣ ♣♣.#..##
........#.#
#..g@.♣♣♣♣......#
.##.......#
#...#♣..♣.......#
.<.#......# ####
♣♣♣.♣.♣#...#
.##.##.####
♣♣♣♣♣##.## .#####.#
#.# .# #.# ### #.#
.#####.# #.# ##.#
.......# #.# #..#
.####### #.# ##.##


You could see Crazy Yiuf.

Vanquished Creatures
  2 adders (D:2)
  An adder zombie (D:3)
  4 dart slugs
  3 leopard geckos
  A giant cockroach (D:2)
  8 goblins
  6 hobgoblins
  2 jackals (D:1)
  8 bats
  6 frilled lizards
  3 kobolds (D:1)
  3 rats (D:1)
  5 fungi (D:2)
52 creatures vanquished.

Notes
Turn   | Place    | Note
-------+----------+-------------------------------------------
     0 | D:1      | Pisosu the Minotaur Fighter began the quest for the Orb.
     0 | D:1      | Reached XP level 1. HP: 19/19 MP: 0/0
   248 | D:1      | Reached XP level 2. HP: 27/27 MP: 1/1
   762 | D:1      | Reached XP level 3. HP: 33/33 MP: 2/2
  1147 | D:2      | You fall through a shaft!
  1463 | D:2      | You fall through a shaft!
  1463 | D:3      | Noticed Robin
  1466 | D:3      | Noticed GeorgeFormbyGrill's ghost (weakling GrBe)
  1502 | D:2      | Reached XP level 4. HP: 39/40 MP: 3/3
  1659 | D:2      | Found a hide-covered altar of Uskayaw.
  1659 | D:2      | Noticed a hand axe
  1660 | D:2      | Noticed a dagger
  1845 | D:2      | Found a runed door.
  1849 | D:2      | Noticed Crazy Yiuf
  1854 | D:2      | Slain by Crazy Yiuf

Skill      XL: |  1  2  3 |
---------------+----------+-----
Fighting       | 4 |  4.2
Shields        | 4 |  4.4
Axes           | 3 |  3.6
Armour         | 4 |  4.1
Dodging        | |  0.7

Action                   |  1- 3 |  4- 6 || total
-------------------------+-------+-------++-------
Melee: War axe           |    91 |    47 ||   138
       Headbutt          |    15 |     8 ||    23
  Use: Scroll            |     2 |       ||     2
  Eat: Chunk             |     2 |     1 ||     3
Armor: Scale mail        |    50 |    11 ||    61
Dodge: Dodged            |    33 |     9 ||    42
Block: Shield            |    55 |    22 ||    77
